 Dungeon Crawl Stone Soup version 0.30-a0-243-gaa749bd8e4 (webtiles) character file.

Game seed: 17142068703384342367

488 miroshn11 the Poker (level 7, -12/55 HPs)
             Began as a Human Berserker on Oct 11, 2022.
             Was a Priest of Trog.
             Mangled by a skeletal warrior
             ... wielding a +0 war axe
              (24 damage)
             ... on level 8 of the Dungeon on Oct 12, 2022.
             The game lasted 00:38:11 (4151 turns).

miroshn11 the Poker (Human Berserker)               Turns: 4151, Time: 00:38:11

Health: -12/55     AC:  5    Str: 19    XL:     7   Next: 36%
Magic:  7/7        EV: 12    Int:  8    God:    Trog [***...]
Gold:   203        SH:  0    Dex: 12    Spells: 6/6 levels left

rFire   + . .      SeeInvis .    a - +0 spear (freeze)
rCold   . . .      Faith    .    (no shield)
rNeg    . . .      Spirit   .    r - +1 leather armour {rF+}
rPois   .          Reflect  .    (no helmet)
rElec   .          Harm     .    (no cloak)
rCorr   .          Rampage  .    j - +0 pair of gloves
Will    .....                    (no boots)
Stlth   +.........               (no amulet)
HPRegen 0.29/turn                (no ring)
MPRegen 0.10/turn                (no ring)

@: on berserk cooldown, slowed, very slow
A: no striking features
a: Renounce Religion, Berserk, Trog's Hand


You were on level 8 of the Dungeon.
You worshipped Trog.
Trog was most pleased with you.
You visited 1 branch of the dungeon, and saw 6 of its levels.

You collected 203 gold pieces.

Inventory:

Hand Weapons
 a - a +0 spear of freezing (weapon)
Armour
 c - a +2 leather armour
 j - a +0 pair of gloves (worn)
 r - a +1 leather armour of fire resistance (worn)
Wands
 n - a wand of polymorph (2)
 o - a wand of charming (12)
 s - a wand of quicksilver (10)
Scrolls
 f - a scroll of blinking
 m - a scroll of brand weapon
 q - 3 scrolls of identify
Potions
 b - a potion of might
 d - 3 potions of brilliance
 e - 2 potions of attraction
 g - a potion of heal wounds
 h - a potion of resistance
 i - 5 potions of curing {unknown}
 k - a potion of haste {unknown}
 l - a potion of lignification {unknown}
 p - a potion of berserk rage {unknown}


   Skills:
 + Level 4.4 Fighting
 + Level 5.7 Polearms
 + Level 3.2 Armour
 + Level 3.3 Dodging
 + Level 1.0 Stealth
 + Level 0.2 Unarmed Combat


You had 6 spell levels left.
You didn't know any spells.
Your spell library was empty.

Dungeon Overview and Level Annotations

Branches:
Dungeon (5/15)             Temple (0/1) D:5

Altars:
Fedhas
Wu Jian


Message History

You barely miss the skeletal warrior. The skeletal warrior barely misses you.
You hit the skeletal warrior.
The skeletal warrior is lightly damaged.
You hit the skeletal warrior.
The skeletal warrior is lightly damaged.
The skeletal warrior hits you with a +0 war axe.
You puncture the skeletal warrior! You freeze the skeletal warrior.
The skeletal warrior is moderately damaged.
You hit the skeletal warrior.
The skeletal warrior is moderately damaged.
The skeletal warrior hits you with a +0 war axe!!
You barely miss the skeletal warrior.
The skeletal warrior is moderately damaged.
You puncture the skeletal warrior! You freeze the skeletal warrior.
The skeletal warrior is heavily damaged.
The skeletal warrior hits you with a +0 war axe!
You hit the skeletal warrior.
The skeletal warrior is heavily damaged.
You hit the skeletal warrior but do no damage.
The skeletal warrior is heavily damaged.
The skeletal warrior closely misses you.
You hit the skeletal warrior but do no damage.
The skeletal warrior is heavily damaged.
The skeletal warrior hits you with a +0 war axe.
You closely miss the skeletal warrior.
The skeletal warrior is heavily damaged.
You are too berserk!
You closely miss the skeletal warrior.
The skeletal warrior is heavily damaged.
The skeletal warrior hits you with a +0 war axe!
* * * LOW HITPOINT WARNING * * *
You are too berserk!
You feel a strong urge to attack something.
You are no longer berserk.
You are exhausted.
You feel yourself slow down.
You hit the skeletal warrior but do no damage.
The skeletal warrior is heavily damaged.
The skeletal warrior hits you with a +0 war axe!!
You die...

#.?.# # #...# #.
##..# .##. #..#
.....##.# ##.....#
.....##.####
...........#########
#########..z@.......
##.######### #.# #.#
#.# #.. ###


You could see a skeletal warrior.

Vanquished Creatures
  Menkaure (D:4)
  An ogre (D:5)
  An orc priest (D:4)
  Ijyb (D:3)
  An orc wizard (D:4)
  8 adders
  2 worms (D:2)
  4 dart slugs
  14 orcs
  9 ball pythons
  10 endoplasms
  2 giant cockroaches (D:1)
  14 goblins
  7 hobgoblins
  4 jackals (D:1)
  4 kobolds
  2 quokkas
  5 bats
  7 frilled lizards
  5 rats
102 creatures vanquished.

Notes
Turn   | Place    | Note
-------+----------+-------------------------------------------
     0 | D:1      | miroshn11 the Human Berserker began the quest for the Orb.
     0 | D:1      | Reached XP level 1. HP: 18/18 MP: 1/1
    64 | D:1      | HP: 1/27 [hobgoblin (4)]
   285 | D:1      | Reached XP level 2. HP: 24/24 MP: 2/2
   323 | D:1      | Found a faded altar of an unknown god.
   467 | D:2      | Found a blossoming altar of Fedhas.
   481 | D:1      | Reached XP level 3. HP: 25/29 MP: 3/3
   603 | D:1      | Reached ** piety under Trog
   756 | D:1      | Reached XP level 4. HP: 29/35 MP: 4/4
   983 | D:1      | Upgraded the game from 0.30-a0-241-g1121274140 to
                  | 0.30-a0-243-gaa749bd8e4
  1291 | D:2      | Reached skill level 4 in Polearms
  1523 | D:2      | Reached XP level 5. HP: 41/41 MP: 5/5
  2203 | D:3      | Reached *** piety under Trog
  2724 | D:4      | Noticed Ijyb
  2876 | D:3      | Killed Ijyb
  3070 | D:4      | Reached XP level 6. HP: 48/48 MP: 6/6
  3114 | D:4      | Reached skill level 5 in Polearms
  3295 | D:4      | Found an ornate altar of the Wu Jian Council.
  3716 | D:4      | Noticed Menkaure
  3868 | D:4      | Killed Menkaure
  3869 | D:4      | Reached XP level 7. HP: 42/54 MP: 7/7
  4005 | D:5      | Entered Level 5 of the Dungeon
  4023 | D:5      | Found a staircase to the Ecumenical Temple.
  4082 | D:5      | Reached skill level 1 in Stealth
  4121 | D:5      | You fall into a shaft and drop 3 floors!
  4126 | D:8      | Noticed a skeletal warrior
  4151 | D:8      | Mangled by a skeletal warrior

Illustrated notes

Levels and vault maps discovered:
D:1:      saegor_arrival_simple_b, layout_basic,
          ebering_ecumenical_altar_sacrificial, st_stairs_4
D:2:      layout_rooms, basic_altar, minmay_goblin_kobold_house
D:3:      layout_basic, minmay_close_crescents
D:4:      layout_loops_ring, nicolae_wu_jian_immortal_techniques, uniq_ijyb,
          uniq_menkaure
D:5:      wad_pebble_path, layout_basic, mainiacjoe_overflow_six_doors_small,
          gammafunk_temple_overflow_pools, temple_green,
          cheibrodos_sewer_entry_drain
D:8:      minmay_tri_box, layout_loops_ring,
          nzn_overflow_gifts_of_might_and_magic

Skill      XL: |  1  2  3  4  5  6  7 |
---------------+----------------------+-----
Polearms       | 4 5 |  5.7
Fighting       | 4 |  4.4
Dodging        | 3 |  3.3
Armour         | 3 |  3.2
Stealth        | 1 |  1.0
Unarmed Combat | |  0.2

Action                   |  1- 3 |  4- 6 |  7- 9 || total
-------------------------+-------+-------+-------++-------
Melee: Spear             |   118 |   285 |    28 ||   431
       Unarmed           |       |     5 |       ||     5
       Punch             |       |     1 |     1 ||     2
Invok: Berserk           |     2 |     2 |     1 ||     5
  Use: Scroll            |     1 |    10 |       ||    11
Armor: Leather armour    |    34 |    62 |       ||    96
       Animal skin       |     1 |       |       ||     1
       Skin              |       |    15 |       ||    15
Dodge: Dodged            |    82 |   108 |    10 ||   200

Table legend: (Time is in decaauts)
 A = Elapsed time spent in this place.
 B = Non-inter-level travel time spent in this place.
 C = Inter-level travel time spent in this place.
 D = Time resting spent in this place.
 E = Time spent auto-exploring this place.
 F = Levels seen in this place.
 G = Mean time per level.
                   A        B        C        D        E       F      G
               +--------+--------+--------+--------+--------+-----+--------+
         Total |   4111 |   4026 |     85 |    905 |   1603 |   6 |  685.2 |
       Dungeon |   4111 |   4026 |     85 |    905 |   1603 |   6 |  685.2 |
               +--------+--------+--------+--------+--------+-----+--------+

Top non-repeatable levels by time:
     D:4: 1246 daAuts
     D:1: 1144 daAuts
     D:3: 899 daAuts
     D:2: 684 daAuts
     D:5: 113 daAuts
     D:8: 23 daAuts
